 Dungeon Crawl Stone Soup version 0.22.0-38-g04b72b8c25 (webtiles) character file.

81 Riddle the Sneak (level 4, -5/32 HPs)
             Began as a Vampire Enchanter on Aug 30, 2018.
             Slain by Sigmund
             ... wielding a +1 scythe of protection
              (10 damage)
             ... on level 2 of the Dungeon.
             The game lasted 00:12:16 (5370 turns).

Riddle the Sneak (Vampire Enchanter)                Turns: 5370, Time: 00:12:16

Health: -5/32      AC:  2    Str:  7    XL:     4   Next: 20%
Magic:  4/7        EV: 13    Int: 17    God:
Gold:   135        SH:  0    Dex: 15    Spells: 4/7 levels left

rFire    . . .     SeeInvis +   a - +1 dagger
rCold    + + .     Gourm    .   (no shield)
rNeg     + + +     Faith    .   b - +0 robe
rPois    ∞         Spirit   .   (no helmet)
rElec    .         Reflect  .   (no cloak)
rCorr    .         Harm     .   (no gloves)
MR       .....                  (no boots)
Stlth    +++.......             (no amulet)
HPRegen  0.00/turn              (no ring)
MPRegen  0.10/turn              (no ring)

@: confused, bloodless, non-regenerating
A: fangs 3, see invisible, unbreathing
a: Bat Form


You were on level 2 of the Dungeon.
You were bloodless.

You visited 1 branch of the dungeon, and saw 2 of its levels.

You collected 135 gold pieces.

Inventory:

Hand Weapons
 a - a +1 dagger (weapon)
Missiles
 j - 9 poisoned needles
Armour
 b - a +0 robe (worn)
Scrolls
 c - a scroll of identify {unknown}
 e - a scroll of remove curse
Potions
 d - 6 potions of blood
 f - 2 potions of brilliance {unknown}
 g - a potion of curing {unknown}
 h - 2 potions of degeneration {unknown}
 i - a potion of haste {unknown}
 k - a potion of ambrosia {unknown}


   Skills:
 + Level 1.0 Fighting
 * Level 2.1 Short Blades
 + Level 2.5 Dodging
 * Level 5.3 Stealth
 + Level 2.3 Spellcasting
 * Level 5.2 Hexes


You had 4 spell levels left.
You knew the following spells:

 Your Spells              Type           Power        Failure   Level  Hunger
a - Corona                Hex            ###....      2%          1    #......
b - Ensorcelled Hibernat  Hex/Ice        ##....       10%         2    ##.....

Your spell library contained the following spells:

 Spells                   Type           Power        Failure   Level  Hunger
 Confuse                  Hex            ###.....     7%          3    ###....
 Tukima's Dance           Hex            ###.....     7%          3    ###....
 Dazzling Spray           Conj/Hex       ##....       19%         3    ###....


Dungeon Overview and Level Annotations

Branches:
Dungeon (2/15)

Altars:
Makhleb
Yredelemnul

Annotations:
D:2 Sigmund


Innate Abilities, Weirdness & Mutations

You do not heal naturally.
You are immune to poison.
You have razor-sharp teeth.
You have supernaturally acute eyesight. (SInv)
You can survive without breathing.


Message History

* * * LOW HITPOINT WARNING * * *
Casting: Corona (safe; 2% risk of failure)
Confirm with . or Enter, or press ? or * to list all spells.
Aiming: Ensorcelled Hibernation (safe; 10% risk of failure)
Press: ? - help, Shift-Dir - straight line, f - you, p - Sigmund That would be overly suicidal.
Okay, then.
Sigmund points at you and mumbles some strange words.
The puff of flame misses you.
Your magical contamination has completely faded away.
Sigmund casts a spell at you.
You are confused.
Sigmund gestures at you while chanting.
You are more confused.
You see here 21 poisoned needles.
You bump into the rock wall.
You're too confused to cast spells.
You bump into the rock wall.
Sigmund hits you from afar with a scythe of protection!
You die...

.......##..##)#.#
#.......##.##...#
#...........#..##
#...........##.#
............##.#
..#.........##.#
............##.##
...<.......>##..##
.........[..##..@#
............##@#.#
###............#.##
######....###...#
####.###...#
#..##...# ##.@....#
####...# #.$.#


You could see Sigmund.

Vanquished Creatures
  Terence (D:2)
  An adder (D:2)
  A worm (D:2)
  A dart slug (D:2)
  3 leopard geckos
  A giant cockroach (D:2)
  5 goblins
  5 hobgoblins
  4 jackals
  5 bats
  A frilled lizard (D:1)
  7 kobolds
  2 rats (D:1)
37 creatures vanquished.

Notes
Turn   | Place    | Note
-------+----------+-------------------------------------------
     0 | D:1      | Riddle the Vampire Enchanter began the quest for the Orb.
     0 | D:1      | Reached XP level 1. HP: 13/13 MP: 3/3
   519 | D:1      | Reached XP level 2. HP: 15/19 MP: 3/5
   899 | D:1      | Learned a level 2 spell: Ensorcelled Hibernation
  2397 | D:1      | HP: 1/20 [jackal (2)]
  2402 | D:1      | HP: 1/20 [jackal (1)]
  3272 | D:2      | Reached XP level 3. HP: 23/25 MP: 1/6
  3354 | D:2      | Found a basalt altar of Yredelemnul.
  3418 | D:2      | Found a burning altar of Makhleb.
  3429 | D:2      | Reached skill level 5 in Stealth
  3472 | D:2      | Noticed a blizzard demon
  3528 | D:2      | Reached skill level 5 in Hexes
  4914 | D:2      | Noticed Terence
  4922 | D:2      | Killed Terence
  4922 | D:2      | Reached skill level 1 in Fighting
  4922 | D:2      | Reached XP level 4. HP: 27/32 MP: 7/7
  5301 | D:2      | Noticed Sigmund
  5370 | D:2      | Slain by Sigmund

Skill      XL: |  1  2  3 |
---------------+----------+-----
Stealth        | 5 |  5.3
Hexes          | 5 |  5.2
Short Blades   | 2 |  2.1
Fighting       | 1 |  1.0
Dodging        | |  2.5
Spellcasting   | |  2.3

Action                   |  1- 3 |  4- 6 || total
-------------------------+-------+-------++-------
Melee: Dagger            |   107 |    15 ||   122
       Bite              |    10 |     1 ||    11
 Cast: Corona            |    10 |     1 ||    11
       Ensorcelled Hiber |    23 |     6 ||    29
 Abil: End Transformatio |     2 |       ||     2
       Bat Form          |     2 |       ||     2
  Use: Potion            |     5 |       ||     5
       Scroll            |     1 |       ||     1
 Stab: Sleeping          |    22 |     2 ||    24
Armor: Robe              |    21 |     1 ||    22
Dodge: Dodged            |   101 |    13 ||   114
